 Dungeon Crawl Stone Soup version 0.28-a0-1555-g9ae15a6949 (webtiles) character file.

Game seed: 12528893409114757620

14884 zazu2006 the Covert (level 12, -20/105 HPs)
             Began as a Naga Hedge Wizard on Jan 19, 2022.
             Was an Elder of Vehumet.
             Demolished by a two-headed ogre (23 damage)
             ... on level 10 of the Dungeon.
             The game lasted 00:29:08 (9972 turns).

zazu2006 the Covert (Naga Hedge Wizard)             Turns: 9972, Time: 00:29:09

Health: -20/105    AC:  9    Str: 15    XL:     12   Next: 21%
Magic:  15/25      EV: 11    Int: 23    God:    Vehumet [****..]
Gold:   521        SH:  0    Dex: 11    Spells: 20/29 levels left

rFire   . . .      SeeInvis +   p - +3 dagger (elec)
rCold   . . .      Faith    .   (no shield)
rNeg    . . .      Spirit   .   y - +0 steam dragon scales
rPois   +          Reflect  .   c - +0 hat
rElec   .          Harm     .   k - +1 cloak
rCorr   .          Rampage  .   (no gloves)
Will    +....                   (no barding)
Stlth   +++++.....              x - amulet of regeneration
HPRegen 1.87/turn               d - ring of wizardry
MPRegen 0.19/turn               m - +6 ring of intelligence

@: on blink cooldown, very slow
A: AC +4, large, see invisible, deformed body, poison resistance, slowness 2,
spit poison 1, naga tail 1, antennae 1, regeneration 1
a: Spit Poison, Renounce Religion


You were on level 10 of the Dungeon.
You worshipped Vehumet.
Vehumet was greatly pleased with you.
You visited 2 branches of the dungeon, and saw 11 of its levels.

You collected 576 gold pieces.
You spent 55 gold pieces at shops.

Inventory:

Hand Weapons
 f - a +2 whip of electrocution
 p - a +3 dagger of electrocution (weapon)
 I - a +1 vorpal long sword
Missiles
 H - 3 throwing nets
Armour
 c - a +0 hat (worn)
 k - a +1 cloak (worn)
 w - the +1 ring mail of the Gloaming {+Inv rN+ Str+5 Stlth-}
   (You found it on level 5 of the Dungeon)

   Str:       It affects your strength (+5).
   rN:        It protects you from negative energy.
   +Inv:      It lets you turn invisible.
   Stlth:     It makes you less stealthy.
 y - +0 steam dragon scales (worn)
 K - +0 acid dragon scales
Jewellery
 d - a ring of wizardry (left hand)
 m - a +6 ring of intelligence (right hand)
 x - an amulet of regeneration (around neck)
 G - an amulet of faith
Wands
 l - a wand of iceblast (4)
 A - a wand of flame (10)
Scrolls
 b - 3 scrolls of enchant weapon
 e - 3 scrolls of blinking
 g - 4 scrolls of identify {unknown}
 h - 2 scrolls of amnesia {unknown}
 s - 2 scrolls of immolation {unknown}
 t - a scroll of enchant armour {unknown}
 B - a scroll of noise {unknown}
 C - 2 scrolls of fog {unknown}
 D - 2 scrolls of silence {unknown}
 E - a scroll of vulnerability {unknown}
 F - a scroll of fear {unknown}
Potions
 a - 3 potions of magic {unknown}
 i - 3 potions of curing {unknown}
 j - 2 potions of heal wounds
 n - a potion of mutation
 o - 3 potions of degeneration {unknown}
 q - a potion of resistance {unknown}
 r - 3 potions of brilliance {unknown}
 u - a potion of haste {unknown}
 v - a potion of might {unknown}
 z - 2 potions of ambrosia {unknown}
 J - a potion of berserk rage {unknown}
 L - a potion of lignification {unknown}


   Skills:
 + Level 6.2 Fighting
 + Level 4.1 Armour
 + Level 6.3 Dodging
 + Level 12.4 Stealth
 + Level 9.0 Spellcasting
 + Level 7.8 Conjurations
 + Level 1.0 Summonings
 + Level 1.7 Translocations
 + Level 1.0 Fire Magic
 + Level 4.7 Air Magic
 + Level 6.5 Poison Magic
 + Level 1.3 Evocations


You had 20 spell levels left.
You knew the following spells:

 Your Spells              Type           Power      Damage    Failure   Level
a - Magic Dart            Conj           100%       1d8       1%          1
b - Mephitic Cloud        Conj/Pois/Air  39%        N/A       1%          3
c - Conjure Flame         Conj/Fire      30%        6-21      1%          3
d - Blink                 Tloc           36%        N/A       1%          2

Your spell library contained the following spells:

 Spells                   Type           Power      Damage    Failure   Level
 Sticky Flame             Conj/Fire      30%        2d5       1%          4
 Slow                     Hex            40%        N/A       2%          1
 Call Imp                 Summ           15%        N/A       2%          2
 Alistair's Intoxication  Tmut/Pois      16%        N/A       17%         5
 Eringya's Noxious Bog    Tmut/Pois      12%        N/A       24%         6
 Summon Forest            Summ/Tloc      8%         N/A       36%         5
 Borgnjor's Vile Clutch   Necr/Erth      5%         N/A       52%         5
 Summon Hydra             Summ           7%         N/A       100%        7


Dungeon Overview and Level Annotations

Branches:
Dungeon (10/15)            Temple (1/1) D:4
   Lair: D:8-11         Orc: D:9-12

Altars:
Ashenzari
Cheibriados
Dithmenos
Elyvilon
Fedhas
Gozag
Hepliaklqana
Kikubaaqudgha
Makhleb
Nemelex Xobeh
Okawaru
Qazlal
Ru
Sif Muna
Trog
Uskayaw
Vehumet
Wu Jian
Xom
Yredelemnul
Zin
The Shining One

Shops:
D:2 [=   D:7 [   D:8 [!


Innate Abilities, Weirdness & Mutations

Your serpentine skin is tough. (AC +4)
You have supernaturally acute eyesight. (SInv)
Armour fits poorly on your strangely shaped body.
Your system is resistant to poisons. (rPois)
You cover ground very slowly.
You can spit poison.
You have a snake-like lower body.
You have a pair of small antennae on your head.
Your natural rate of healing is unusually fast.


Message History

Unknown command.
The yak is engulfed in noxious fumes.
The yak barely misses you.
The yak is engulfed in noxious fumes.
There is a stone staircase leading up here.
Casting: Mephitic Cloud (safe; 1% risk of failure)
Confirm with . or Enter, or press ? or * to list all spells.
Aiming: Mephitic Cloud (safe; 1% risk of failure)
Press: ? - help, Shift-Dir - straight line, f/p - yak
Aim: a yak (noxious fumes, confused, chance to affect: 67%)
The ball explodes into a vile cloud!
The stinking cloud engulfs the yak but does no damage.
The stinking cloud engulfs the two-headed ogre but does no damage.
The two-headed ogre barely misses you.
The two-headed ogre hits you with a +0 giant club!
* * * LOW HITPOINT WARNING * * *
The yak is engulfed in noxious fumes.
The yak gores the two-headed ogre!
The yak is engulfed in noxious fumes.
Unknown command.
Casting: Mephitic Cloud (safe; 1% risk of failure)
Confirm with . or Enter, or press ? or * to list all spells.
The fire begins to smoulder!
Something gores the yak!
The two-headed ogre closely misses you.
The two-headed ogre hits you with a +0 giant club!
* * * LOW HITPOINT WARNING * * *
The yak is engulfed in noxious fumes.
The yak appears confused.
The yak gores the two-headed ogre but does no damage.
The yak gores something!
The yak is engulfed in noxious fumes.
The yak appears confused.
The yak barely misses the two-headed ogre.
Casting: Conjure Flame (safe; 1% risk of failure)
Confirm with . or Enter, or press ? or * to list all spells.
You blink.
Found a stone staircase leading down.
The yak is engulfed in noxious fumes.
The yak gores the two-headed ogre!
The yak is engulfed in noxious fumes.
The yak appears confused.
The yak is engulfed in noxious fumes.
The yak appears confused.
The two-headed ogre is engulfed in noxious fumes.
The two-headed ogre hits you with a +0 giant spiked club!!
* * * LOW HITPOINT WARNING * * *
The two-headed ogre hits you with a +0 giant club!!
You die...

###...##......##........#
..#......................
..#............##.#......
###....#...Y....#.#......
......#####..##..§.......
........###Y###°.........
..........YY.##.°....####
..........Y####YO....##.
........).[.##..@........
.....................#..#
.....................##.#
..#..........).!....## ..
. ##....##.#.#.##.....
......##...#....#..>#
###...##.....#..####...
#...###....#### #..
###.#.......#


You could see a two-headed ogre and a yak (confused).

Vanquished Creatures
  A quicksilver ooze (shapeshifter) (D:8)
  Harold (D:9)
  5 two-headed ogres
  Pikel (D:9)
  A manticore (D:8)
  Joseph (D:9)
  Maggie (D:9)
  A hornet (D:7)
  A shadow (D:10)
  A wraith (D:9)
  5 wyverns
  14 yaks
  A human (D:10)
  4 hogs (D:10)
  A steam dragon (D:6)
  An acid dragon (D:9)
  2 water moccasins
  8 orc warriors
  A sky beast (D:6)
  A hornet zombie (D:6)
  An ice beast (D:7)
  3 necrophages
  5 centaurs
  2 ogres
  2 kobold brigands
  8 bullfrogs
  5 scorpions
  2 gnoll sergeants (D:6)
  6 killer bees (D:8)
  8 howler monkeys
  10 wights
  3 centaur zombies
  3 hounds
  3 jellies
  5 orc priests
  Jessica (D:2)
  4 iguanas
  7 orc wizards
  11 gnolls
  8 adders
  A shadow imp (D:6)
  3 white imps
  An ufetubus (D:6)
  2 worms (D:4)
  A dart slug (D:4)
  25 orcs
  4 endoplasms
  3 giant cockroaches
  5 goblins
  8 hobgoblins
  3 jackals (D:1)
  A quokka (D:2)
  5 ball pythons
  6 bats
  2 frilled lizards
  6 kobolds
  9 rats
234 creatures vanquished.

Notes
Turn   | Place    | Note
-------+----------+-------------------------------------------
     0 | D:1      | zazu2006 the Naga Hedge Wizard began the quest for the Orb.
     0 | D:1      | Reached XP level 1. HP: 15/15 MP: 4/4
   198 | D:1      | Reached XP level 2. HP: 22/22 MP: 1/6
  1039 | D:2      | Found Sithum's Antique Armour Boutique.
  1057 | D:2      | Found Bogoolimn's Jewellery Boutique.
  1110 | D:2      | Reached XP level 3. HP: 8/28 MP: 1/8
  1111 | D:2      | Gained mutation: Your natural rate of healing is unusually
                  | fast. [potion of mutation]
  1111 | D:2      | Gained mutation: You have a pair of small antennae on your
                  | head. [potion of mutation]
  1116 | D:2      | HP: 1/28 [adder (5)]
  1440 | D:2      | Reached XP level 4. HP: 37/37 MP: 4/9
  1719 | D:2      | Noticed Jessica
  1722 | D:2      | Killed Jessica
  2170 | D:3      | Reached skill level 1 in Fighting
  2214 | D:3      | Learned a level 3 spell: Mephitic Cloud
  2218 | D:3      | Learned a level 3 spell: Conjure Flame
  2221 | D:3      | Learned a level 2 spell: Blink
  2253 | D:3      | Reached XP level 5. HP: 32/44 MP: 8/11
  2468 | D:3      | Found a snail-covered altar of Cheibriados.
  2846 | D:3      | Found a faded altar of an unknown god.
  2888 | D:3      | Reached skill level 4 in Stealth
  2888 | D:3      | Reached XP level 6. HP: 44/51 MP: 12/12
  2937 | D:4      | Reached skill level 1 in Armour
  3105 | D:4      | Found a broken altar of Ashenzari.
  3870 | D:4      | Found a staircase to the Ecumenical Temple.
  3870 | D:4      | Noticed a necrophage
  3882 | D:4      | Killed a necrophage
  3892 | Temple   | Entered the Ecumenical Temple
  3897 | Temple   | Became a worshipper of Vehumet
  4132 | D:5      | Entered Level 5 of the Dungeon
  4153 | D:5      | Reached XP level 7. HP: 58/58 MP: 10/14
  4237 | D:5      | Reached skill level 5 in Spellcasting
  4854 | D:5      | Identified the +1 ring mail of the Gloaming {+Inv rN+ Str+5
                  | Stlth-}
  5078 | D:6      | Reached XP level 8. HP: 67/67 MP: 2/16
  5216 | D:6      | Found a shimmering blue altar of Sif Muna.
  5217 | D:6      | Found an ornate altar of the Wu Jian Council.
  5289 | D:6      | Reached skill level 1 in Poison Magic
  5528 | D:6      | Reached skill level 5 in Stealth
  5588 | D:6      | Reached skill level 5 in Conjurations
  5588 | D:6      | Reached skill level 1 in Air Magic
  5718 | D:6      | Reached XP level 9. HP: 52/75 MP: 15/18
  5769 | D:6      | Noticed a two-headed ogre
  5827 | D:6      | Killed a two-headed ogre
  5828 | D:6      | Reached skill level 6 in Stealth
  6050 | D:6      | Reached * piety under Vehumet
  6050 | D:6      | Offered knowledge of Freeze by Vehumet.
  6601 | D:7      | Found a sacrificial altar of Ru.
  6647 | D:7      | Reached skill level 7 in Stealth
  6647 | D:7      | Reached XP level 10. HP: 86/86 MP: 16/20
  7091 | D:7      | Found Xoiddes's Armour Shop.
  7560 | D:8      | Reached skill level 5 in Poison Magic
  7572 | D:8      | Reached ** piety under Vehumet
  7576 | D:8      | Reached skill level 8 in Stealth
  7579 | D:8      | Offered knowledge of Foxfire by Vehumet.
  7686 | D:8      | Found a bloodstained altar of Trog.
  7714 | D:8      | Noticed a two-headed ogre
  7724 | D:8      | Killed a two-headed ogre
  7725 | D:8      | Reached skill level 5 in Dodging
  7725 | D:8      | Reached skill level 9 in Stealth
  7731 | D:8      | Found Tebuewk's Armour Shoppe.
  7779 | D:8      | Noticed a two-headed ogre
  7791 | D:8      | Reached XP level 11. HP: 69/93 MP: 16/23
  7815 | D:8      | Killed a two-headed ogre
  7815 | D:8      | Offered knowledge of Searing Ray by Vehumet.
  7816 | D:8      | Reached skill level 5 in Fighting
  7820 | D:8      | Noticed a quicksilver ooze
  7842 | D:8      | Killed a quicksilver ooze
  7875 | D:8      | Noticed a manticore
  7890 | D:8      | Killed a manticore
  7965 | D:8      | Noticed a two-headed ogre
  7975 | D:8      | Killed a two-headed ogre
  7976 | D:8      | Reached skill level 10 in Stealth
  8143 | D:8      | Reached *** piety under Vehumet
  8165 | D:8      | Found Xaedghye's Distillery.
  8169 | D:8      | Bought a potion of heal wounds for 55 gold pieces
  8623 | D:9      | Noticed Joseph
  8641 | D:9      | Killed Joseph
  8808 | D:9      | Noticed Harold
  8838 | D:9      | Killed Harold
  9025 | D:9      | Found a glowing golden altar of the Shining One.
  9048 | D:9      | Noticed a two-headed ogre
  9062 | D:9      | Offered knowledge of Sticky Flame by Vehumet.
  9063 | D:9      | Reached skill level 11 in Stealth
  9069 | D:9      | Killed a two-headed ogre
  9089 | D:9      | Reached skill level 1 in Evocations
  9205 | D:9      | Noticed Maggie
  9213 | D:9      | Killed Maggie
  9243 | D:9      | Noticed Pikel
  9254 | D:9      | Killed Pikel
  9255 | D:9      | Reached skill level 1 in Fire Magic
  9304 | D:9      | Reached XP level 12. HP: 104/104 MP: 24/24
  9688 | D:10     | Entered Level 10 of the Dungeon
  9730 | D:10     | Reached skill level 12 in Stealth
  9913 | D:10     | Reached **** piety under Vehumet
  9960 | D:10     | Noticed a two-headed ogre
  9972 | D:10     | HP: 3/105 [two-headed ogre (26)]
  9972 | D:10     | Demolished by a two-headed ogre

Illustrated notes

Levels and vault maps discovered:
D:1:      giann_bridges, layout_rooms
D:2:      layout_basic, serial_shops, nicolae_diamond_shop,
          nicolae_shop_window_shopping, minmay_ruptured, uniq_jessica
D:3:      layout_basic, mainiacjoe_overflow_alcove_4, basic_ecumenical_altar
D:4:      layout_cave_pods, ashenzari_conservatory_becter, temple_hall,
          st_stairs_11
D:5:      layout_loops_cross, kennysheep_path_1
D:6:      layout_layer_cave, grunt_temple_overflow_open, nzn_random_ring
D:7:      layout_basic, nicolae_ru_awakened_eye, nicolae_take_the_stairs
D:8:      nzn_winding_woodlands_three_and_one [nzn_winding_woodlands_5x15_pool,
          nzn_winding_woodlands_5x15_twine,
          nzn_winding_woodlands_5x15_concentric,
          nzn_winding_woodlands_center_pierced_h], layout_loops_cross,
          amcnicky_altar_gilded, serial_shops, shop, shop,
          kennysheep_generic_room_14
D:9:      layout_irregular_city, tso_oasis_becter, uniq_pikel, uniq_harold,
          uniq_joseph, uniq_maggie
D:10:     layout_cave_pools, david_orc_5, grunt_livestock,
          kennysheep_generic_room_7
Temple:   minmay_freezing_vapour_temple

Skill      XL: |  1  2  3  4  5  6  7  8  9 10 11 12 |
---------------+-------------------------------------+-----
Spellcasting   | 4 5 6 8 9 |  9.0
Conjurations   | 2 3 4 5 6 7 |  7.8
Fighting       | 1 2 3 4 5 6 |  6.2
Dodging        | 2 3 4 5 6 |  6.3
Stealth        | 4 5 7 9 11 12 | 12.4
Armour         | 1 2 3 4 |  4.1
Poison Magic   | 2 3 5 6 |  6.5
Air Magic      | 1 3 4 |  4.7
Evocations     | 1 |  1.3
Fire Magic     | 1 |  1.0
Summonings     | |  1.0
Translocations | |  1.7

Action                   |  1- 3 |  4- 6 |  7- 9 | 10-12 || total
-------------------------+-------+-------+-------+-------++-------
Melee: Dagger            |     7 |    15 |   202 |   415 ||   639
       Whip              |     7 |    65 |       |       ||    72
       Punch             |       |       |     2 |     4 ||     6
 Cast: Magic Dart        |    55 |   111 |    75 |    95 ||   336
       Mephitic Cloud    |       |       |    23 |    50 ||    73
       Blink             |       |       |     1 |     3 ||     4
       Conjure Flame     |       |       |       |    12 ||    12
 Abil: Spit Poison       |     9 |     9 |     7 |    12 ||    37
Evoke: Wand              |       |       |       |     5 ||     5
  Use: Potion            |     1 |       |       |     2 ||     3
       Scroll            |       |       |       |     2 ||     2
 Stab: Sleeping          |     1 |     1 |       |     3 ||     5
       Confused          |       |       |     5 |    33 ||    38
Armor: Robe              |     2 |    12 |       |       ||    14
       Leather armour    |       |    19 |    36 |       ||    55
       Steam dragon scal |       |       |    18 |   140 ||   158
Dodge: Dodged            |    15 |    48 |    78 |   260 ||   401

Table legend: (Time is in decaauts)
 A = Elapsed time spent in this place.
 B = Non-inter-level travel time spent in this place.
 C = Inter-level travel time spent in this place.
 D = Time resting spent in this place.
 E = Time spent auto-exploring this place.
 F = Levels seen in this place.
 G = Mean time per level.
                   A        B        C        D        E       F      G
               +--------+--------+--------+--------+--------+-----+--------+
         Total |  12334 |  12034 |    300 |    194 |   8954 |  11 | 1121.3 |
       Dungeon |  12320 |  12020 |    300 |    194 |   8954 |  10 | 1232.0 |
        Temple |     14 |     14 |      0 |      0 |      0 |   1 |   14.0 |
               +--------+--------+--------+--------+--------+-----+--------+

Top non-repeatable levels by time:
     D:6: 1725 daAuts
     D:8: 1585 daAuts
     D:4: 1552 daAuts
     D:9: 1295 daAuts
     D:3: 1189 daAuts
     D:1: 1166 daAuts
     D:7: 1159 daAuts
     D:2: 1153 daAuts
     D:5: 1140 daAuts
    D:10: 352 daAuts
  Temple: 14 daAuts
